 Dungeon Crawl Stone Soup version 0.20-a0-1056-g7622305 (webtiles) character file.

142137 M4edhros the Cruncher (level 17, -11/127 HPs)
             Began as an Octopode Artificer on Apr 26, 2017.
             Was the Champion of Fedhas.
             Mangled by a redback (21 damage)
             ... on level 4 of the Spider Nest.
             The game lasted 01:28:41 (33299 turns).

M4edhros the Cruncher (Octopode Artificer)         Turns: 33299, Time: 01:28:41

Health: -11/127    AC: 15    Str: 24    XL:     17   Next: 34%
Magic:  2/27       EV: 13    Int: 24    God:    Fedhas [******]
Gold:   1446       SH:  0    Dex: 17    Spells: 11/29 levels left

rFire    + . .     SeeInvis +   u - +5 mace (protect)
rCold    + + .     Gourm    .   P - +5 shield
rNeg     . . .     Faith    .   h - +2 hat "Sewkuny" {rC++ Str+4 Int+3}
rPois    +         Spirit   .   M - amulet of regeneration
rElec    +         Reflect  .   n - ring of protection from magic
rCorr    +         Harm     .   V - ring of Joy {+Fly rElec rPois}
MR       ++...                  G - +2 ring of strength
Stlth    +++++++...             t - +3 ring of evasion
Regen    0.8/turn               O - +2 ring of strength
MPRegen  0.2/turn               X - ring "Dufohy Roima" {rCorr rF+ Stlth+}
                                g - +4 ring of strength
                                b - +4 ring of intelligence

@: protection aura, held, slowed, studying Staves, invisible, very slow
A: almost no armour, stealthy swim, amphibious, 8 rings, constrict 8, tentacle
spike 1, repulsion field 1, iridescent scales 1, thin metallic scales 1,
camouflage 1, see invisible, clever 1, robust 1, shaggy fur 1, electricity
resistance, gelatinous body 1, evolution 2, no potion heal 1
a: Fungal Bloom, Evolution, Sunlight, Growth, Reproduction, Rain, Renounce
Religion, Evoke Flight


You were on level 4 of the Spider Nest.
You worshipped Fedhas.
Fedhas was exalted by your worship.
You were not hungry.

You visited 5 branches of the dungeon, and saw 28 of its levels.
You also visited: Sewer and Bailey.

You collected 2924 gold pieces.
You spent 1478 gold pieces at shops.

Inventory:

Hand Weapons
 a - a +3 trident of venom
 u - a +5 mace of protection (weapon)
 R - a +2 hunting sling of flaming
Missiles
 Y - 7 throwing nets (quivered)
Armour
 h - the +2 hat "Sewkuny" (worn) {rC++ Str+4 Int+3}
   (You acquired it on level 6 of the Lair of Beasts)

   It affects your strength (+4).
   It affects your intelligence (+3).
   It greatly protects you from cold.
 P - a +5 shield (worn)
Jewellery
 b - a +4 ring of intelligence (on tentacle)
 g - a +4 ring of strength (on tentacle)
 n - a ring of protection from magic (left tentacle)
 t - a +3 ring of evasion (on tentacle)
 G - a +2 ring of strength (on tentacle)
 M - an amulet of regeneration (around mantle)
 O - a +2 ring of strength (on tentacle)
 Q - an uncursed ring of protection from magic
 V - the ring of Joy (right tentacle) {+Fly rElec rPois}
   (You found it on level 10 of the Dungeon)

   [ring of flight]

   It insulates you from electricity.
   It protects you from poison.
   It lets you fly.
 X - the ring "Dufohy Roima" (on tentacle) {rCorr rF+ Stlth+}
   (You found it on level 10 of the Dungeon)

   [ring of resist corrosion]

   It protects you from fire.
   It makes you more stealthy.
Wands
 d - a wand of iceblast (9/15)
 l - a wand of iceblast (1/15)
 m - a wand of paralysis (0/24)
 q - a wand of digging (9/24)
 y - a wand of iceblast (0/15)
 z - a wand of lightning (7/15)
 C - a wand of iceblast (10/15)
 S - a wand of paralysis (2/24)
Scrolls
 k - 4 scrolls of teleportation
 s - 2 scrolls of fog
 x - a scroll of recharging
 E - 6 scrolls of immolation
 Z - 5 scrolls of magic mapping
Potions
 e - 4 potions of mutation
 i - a potion of berserk rage
 j - 6 potions of curing
 o - 2 potions of magic
 v - a potion of brilliance
 w - a potion of heal wounds
 B - 6 potions of invisibility
 H - 2 potions of haste
 J - 4 potions of agility
 N - 5 potions of might
Books
 f - a manual of Staves
Miscellaneous
 c - a phantom mirror
 r - a lamp of fire (inert)
 T - a phial of floods (inert)
 W - a box of beasts
Comestibles
 p - 22 fruits
 A - 2 royal jellies
 F - 8 meat rations
 K - 6 bread rations


   Skills:
 + Level 10.7 Fighting
   Level 3.2 Short Blades
 - Level 11.9(14.1) Maces & Flails
 + Level 13.0(14.7) Staves
 + Level 10.6 Dodging
 - Level 8.9 Stealth
 * Level 10.7 Shields
 - Level 6.8 Spellcasting
 - Level 5.1 Conjurations
 - Level 4.3 Charms
 + Level 4.8 Summonings
 - Level 4.4 Necromancy
 + Level 5.5 Translocations
 - Level 5.3 Air Magic
 - Level 6.2 Poison Magic
 - Level 11.0 Invocations
 - Level 7.5 Evocations


You had 11 spell levels left.
You knew the following spells:

 Your Spells              Type           Power        Failure   Level  Hunger
a - Mephitic Cloud        Conj/Pois/Air  #####...     3%          3    None
b - Song of Slaying       Chrm           ####....     3%          2    None
c - Regeneration          Chrm/Necr      ####......   6%          3    None
d - Spectral Weapon       Hex/Chrm       ###.....     16%         3    None
e - Shroud of Golubria    Chrm/Tloc      ####......   2%          2    None
f - Summon Forest         Summ/Tloc      ####......   38%         5    #####..


Dungeon Overview and Level Annotations

Branches:
Dungeon (15/15)            Temple (1/1) D:5            Lair (6/6) D:11
 Shoals (0/4) Lair:4       Spider (4/4) Lair:2        Slime (0/5) Lair:6
    Orc (2/2) D:9             Elf (0/3) Orc:2        Vaults (0/5) D:14
 Depths (0/5) D:15

Altars:
Ashenzari
Cheibriados
Dithmenos
Elyvilon
Fedhas
Gozag
Hepliaklqana
Kikubaaqudgha
Makhleb
Nemelex Xobeh
Okawaru
Qazlal
Ru
Sif Muna
Trog
Uskayaw
Vehumet
Wu Jian
Xom
Yredelemnul
Zin
The Shining One
Jiyva

Shops:
D:8 %   D:9 %   D:14 [   Orc:2 :*[

Annotations:
D:10 1 runed door
D:11 exclusion: upstairs
D:14 Rupert


Innate Abilities, Weirdness & Mutations

You cannot wear most types of armour.
You are very stealthy in the water. (Stealth+)
You are amphibious.
You can wear up to eight rings at the same time.
You can use your tentacles to constrict eight enemies at once.
Your skin changes colour to match your surroundings (Stealth+).
Your rubbery body absorbs attacks. (AC +1, EV +1)
One of your tentacles bears a spike.
You are surrounded by a mild repulsion field. (EV +2)
You are partially covered in iridescent scales. (AC +2)
You are partially covered in thin metallic scales. (AC +2)
You have supernaturally acute eyesight. (SInv)
Your mind is acute. (Int +2)
You are robust. (+10% HP)
You are covered in fur. (AC +1)
You are resistant to electric shocks. (rElec)
You rapidly evolve.
Potions are less effective at restoring your health.


Message History

The jumping spider barely misses you.
The emperor scorpion completely misses you. x2
The emperor scorpion closely misses you.
You block the redback's attack.
Okay, then.
Evoke which item? (* to show all) (? for menu, Esc to quit)
Okay, then.
Okay, then.
You fade into invisibility!
You block the redback's attack. The jumping spider pounces on you!
* * * LOW HITPOINT WARNING * * *
You are caught in a web!
The jumping spider completely misses you.
The emperor scorpion stings you.
* * * LOW HITPOINT WARNING * * *
The emperor scorpion claws you but does no damage.
The emperor scorpion barely misses you. The redback bites you!!
You die...
Xom titters!
Fedhas appreciates your contribution to the ecosystem.

####.............#...#######...#.
..#...........#.......##.........
..#....#......#PP......#....#*,,*
..#....#......#........#..###****
###.......f.........#......#
.....##............##......#
....(.##..####.....###.....#####
#......####..#≈#≈^P#^##≈^^f.^^^#*
##.....#*.≈##≈≈s@#..#.≈#..P.≈≈#.#
.####..#≈#≈^^^≈ss≈.^^...##P#^#.#≈
......<^#..#E^≈≈≈E.^..#f..P.....≈
.......^#....≈≈≈≈...#............
......#≈...^.....#.......#......#
..#####.^.......#.^.....^........
...,,,,....^.....†≈≈≈≈≈≈≈≈≈..^..≈
...#,,,........≈≈≈≈≈≈≈≈≈≈≈≈≈..≈#≈
....,,*≈≈.y...≈≈≈≈≈≈≈≈≈≈≈≈≈≈##..#


You could see an emperor scorpion (berserk), a jumping spider, a redback
(berserk), 2 neutral active ballistomycetes, a friendly wandering mushroom and 2
friendly water elementals.

Vanquished Creatures
  Frances (D:13)
  5 ghost moths
  3 emperor scorpions
  2 orc warlords
  2 entropy weavers
  Nessos (D:14)
  Azrael (Spider:2)
  7 hydras
  Harold (Lair:2)
  A vault guard (D:14)
  An ice dragon (D:10)
  6 catoblepae
  A deep troll (D:15)
  3 centaur warriors
  3 two-headed ogres
  A tengu warrior (D:15)
  4 death yaks (Lair:6)
  An orc high priest (Orc:2)
  Sonja (D:12)
  3 skeletal warriors (D:15)
  A flayed ghost (D:10)
  2 unseen horrors
  5 orc knights
  A harpy (D:10)
  12 orb spiders
  34 wolf spiders
  26 ugly things
  2 cyclopes
  4 moths of wrath
  3 orc sorcerers (Orc:2)
  4 slime creatures (D:12)
  5 manticores
  8 elephants
  5 spiny frogs
  2 black mambas
  A torpor snail (Lair:4)
  2 molten gargoyles (D:11)
  Joseph (Lair:1)
  2 rime drakes
  8 komodo dragons
  7 demonic crawlers
  4 wandering mushrooms
  A merfolk (D:10)
  A polar bear (Lair:6)
  32 jumping spiders
  A queen bee (Spider:1)
  3 meliai (Spider:1)
  Grinder (Sewer)
  4 trolls
  4 hornets
  4 blink frogs (Lair:3)
  Prince Ribbit (D:8)
  7 dream sheep
  10 hippogriffs
  3 vampires
  14 tarantellas
  4 shadows
  23 redbacks
  2 wraiths (D:12)
  33 yaks
  3 basilisks
  3 fire elementals (Spider:2)
  A steam dragon (D:12)
  4 wargs
  2 hungry ghosts
  4 spatial vortices
  3 hell hounds (Spider:2)
  12 water moccasins
  11 porcupines
  3 sky beasts
  29 orc warriors
  A black bear (D:10)
  2 eyes of draining
  4 ice beasts
  5 scorpions
  3 phantoms
  15 wolves
  9 ogres
  16 centaurs
  13 crocodiles
  6 big kobolds
  8 bullfrogs
  4 gnoll sergeants
  A water moccasin zombie (D:6)
  10 killer bees (Spider:1)
  4 wights
  An electric eel (Spider:3)
  A jelly (D:15)
  2 howler monkeys
  7 crimson imps
  2 quasits
  2 centaur zombies
  9 hounds
  15 orc priests
  28 orc wizards
  3 bullfrog skeletons
  6 centaur skeletons
  Ijyb (D:4)
  Jessica (D:2)
  5 gnoll shamans
  Natasha (thrice) (D:2)
  5 iguanas
  9 worker ants
  Terence (D:2)
  3 big kobold zombies (Sewer)
  5 ogre skeletons (D:9)
  A howler monkey zombie (D:5)
  A worker ant zombie (D:9)
  A howler monkey skeleton (D:11)
  21 adders
  48 gnolls
  A river rat (D:6)
  6 shadow imps
  2 ufetubi (Sewer)
  2 oozes
  2 adder skeletons
  6 worms
  2 dart slugs
  2 leopard geckos
  77 orcs
  3 bats
  7 giant cockroaches
  11 goblins
  13 hobgoblins
  18 jackals
  7 quokkas
  7 ball pythons
  5 frilled lizards
  2 giant cockroach zombies
  2 goblin skeletons (D:9)
  3 hobgoblin skeletons (D:9)
  A jackal skeleton (D:5)
  45 kobolds
  2 kobold zombies (Sewer)
  8 orc skeletons (D:9)
  3 orc zombies (D:9)
  13 rats
  4 ballistomycete spores
  6 toadstools
952 creatures vanquished.

Vanquished Creatures (collateral kills)
  Gastronok (Orc:1)
  2 fire giants (D:10)
  An orc warlord (Orc:2)
  Louise (D:14)
  Snorg (Lair:4)
  2 ettins
  The ghost of dricus the Basher, a journeyman DsBe of Trog (Bailey)
  A hydra (D:12)
  A centaur warrior (D:15)
  3 two-headed ogres
  An ogre mage (D:15)
  3 orc high priests (Orc:2)
  A deep elf knight (D:10)
  A deep troll (D:10)
  A deep elf mage (D:12)
  2 orb spiders
  2 ugly things
  A wolf spider (Spider:1)
  A cyclops (D:15)
  An elephant (Lair:3)
  A centaur skeleton (D:13)
  2 molten gargoyles (D:11)
  A spiny frog (Lair:2)
  2 demonic crawlers
  A komodo dragon (Lair:6)
  A freezing wraith (D:14)
  A jumping spider (Spider:4)
  A harpy skeleton (D:15)
  3 hippogriffs
  A tarantella (Spider:2)
  A redback (Spider:4)
  A yak (Lair:6)
  A hungry ghost (D:9)
  A warg (Orc:1)
  A porcupine (Lair:4)
  A hell hound (Spider:2)
  8 orc warriors
  An ogre (Orc:1)
  A centaur (D:12)
  A crocodile (Lair:6)
  6 gnoll sergeants (Bailey)
  4 wights
  A troll skeleton (D:9)
  3 gnoll shamans (Bailey)
  6 orc priests
  8 orc wizards
  A worker ant (D:4)
  A centaur simulacrum (D:10)
  10 gnolls
  An adder (D:7)
  A shadow imp (D:10)
  An adder skeleton (D:5)
  15 orcs
  2 goblin skeletons (D:9)
  6 kobolds
  An orc skeleton (D:9)
  3 ballistomycete spores
129 creatures vanquished.

Vanquished Creatures (others)
  2 oklob plants (D:10)
  20 wandering mushrooms
  A wolf spider (Spider:2)
  A torpor snail (Spider:2)
  A redback zombie (D:15)
  2 jumping spiders
  2 redbacks (Spider:2)
  4 necrophages
  A killer bee (Spider:1)
  A hound (D:5)
  An orc priest (D:7)
  An orc wizard (D:4)
  2 worker ant zombies (D:10)
  8 ballistomycetes
  3 ballistomycete spores (Orc:2)
  22 plants
  A spectral weapon (Spider:4)
  717 toadstools
790 creatures vanquished.

Grand Total: 1871 creatures vanquished

Notes
Turn   | Place    | Note
-------+----------+-------------------------------------------
     0 | D:1      | M4edhros the Octopode Artificer began the quest for the Orb.
     0 | D:1      | Reached XP level 1. HP: 13/13 MP: 3/3
   132 | D:1      | Reached XP level 2. HP: 15/18 MP: 4/4
   310 | D:1      | Reached XP level 3. HP: 23/23 MP: 5/5
   425 | D:2      | Noticed Terence
   435 | D:2      | Killed Terence
   435 | D:2      | Reached XP level 4. HP: 24/28 MP: 6/6
   510 | D:2      | Noticed Natasha
   513 | D:2      | Killed Natasha
   569 | D:3      | Found an ancient bone altar of Kikubaaqudgha.
   626 | D:4      | Noticed an ogre
   634 | D:4      | Reached XP level 5. HP: 33/34 MP: 7/7
  1094 | D:4      | Noticed Ijyb
  1102 | D:4      | Killed Ijyb
  1193 | D:4      | Found a hazy altar of Hepliaklqana.
  1194 | D:4      | Found a stormy altar of Qazlal.
  1241 | D:4      | Reached skill level 5 in Stealth
  1241 | D:4      | Reached XP level 6. HP: 38/41 MP: 8/8
  1812 | D:5      | Entered Level 5 of the Dungeon
  1977 | D:6      | Reached skill level 1 in Maces & Flails
  1977 | D:6      | Reached XP level 7. HP: 32/46 MP: 9/9
  1992 | D:6      | Found a glowing silver altar of Zin.
  2166 | D:6      | Found a glowing drain.
  2171 | Sewer    | Entered a sewer
  2424 | Sewer    | Found a burning altar of Makhleb.
  2504 | Sewer    | Noticed Grinder
  2519 | Sewer    | Killed Grinder
  2519 | Sewer    | Reached XP level 8. HP: 20/54 MP: 10/10
  3181 | D:5      | Reached skill level 5 in Dodging
  3202 | D:5      | Found a shattered altar of Ashenzari.
  3469 | D:5      | Found a white marble altar of Elyvilon.
  3550 | D:5      | Reached skill level 5 in Maces & Flails
  3865 | D:5      | Noticed a moth of wrath
  3868 | D:5      | Found a bloodstained altar of Trog.
  4120 | D:5      | Found a staircase to the Ecumenical Temple.
  4559 | D:7      | Reached XP level 9. HP: 46/60 MP: 11/11
  4651 | D:7      | Reached skill level 5 in Fighting
  5147 | D:7      | Found a deep blue altar of Sif Muna.
  5413 | Temple   | Entered the Ecumenical Temple
  5468 | Temple   | Became a worshipper of Xom of Chaos
  5499 | Temple   | XOM: silly message
  5554 | Temple   | XOM: silly message
  5902 | Temple   | XOM: harmless Tloc miscast
  5950 | Temple   | XOM: harmless Fire miscast
  6451 | Temple   | XOM: harmless Ice miscast
  6492 | Temple   | XOM: harmless Tloc miscast
  6642 | Temple   | XOM: harmless Conj miscast
  6714 | Temple   | XOM: silly message
  7071 | Temple   | XOM is BORED!
  7071 | Temple   | XOM: medium Hex miscast
  7162 | Temple   | XOM: 5-stop teleportation journey
  8387 | Temple   | XOM: mild Summ miscast
  8560 | Temple   | XOM: scenery: create altars
  8776 | Temple   | XOM: give mutations
  8776 | Temple   | Gained mutation: You are partially covered in iridescent scales. (AC +2) [Xom's grace]
  8776 | Temple   | Gained mutation: You possess an exceptional clarity of mind. [Xom's grace]
  8776 | Temple   | Gained mutation: You evolve. [Xom's grace]
  9039 | Temple   | XOM is BORED!
  9039 | Temple   | XOM: noise
  9534 | Temple   | XOM: mild Pois miscast
  9759 | Temple   | XOM: divination: detect creatures
  9773 | Temple   | XOM: divination: magic mapping
  9866 | Temple   | XOM: silly message
  9962 | Temple   | XOM is BORED!
  9962 | Temple   | XOM: medium Erth miscast
 11264 | Temple   | XOM: mild Pois miscast
 11334 | Temple   | XOM: harmless Conj miscast
 11439 | Temple   | XOM: silly message
 11648 | Temple   | XOM is BORED!
 11648 | Temple   | XOM: medium Conj miscast
 11870 | Temple   | XOM: harmless Ice miscast
 12329 | Temple   | XOM: give mutations
 12329 | Temple   | Gained mutation: Your muscles are strong. (Str +2) [Xom's grace]
 12329 | Temple   | Gained mutation: Your spells are a little harder to cast, but a little more powerful. [Xom's grace]
 12329 | Temple   | Gained mutation: One of your tentacles bears a spike. [Xom's grace]
 12448 | Temple   | XOM is BORED!
 12448 | Temple   | XOM: medium Erth miscast
 12507 | Temple   | Fell from the grace of Xom
 12507 | Temple   | Became a worshipper of Fedhas Madash
 12689 | D:2      | Noticed Natasha
 12701 | D:2      | Killed Natasha
 12750 | D:2      | Found a hide-covered altar of Uskayaw.
 12751 | D:2      | Noticed Jessica
 12756 | D:2      | Killed Jessica
 12766 | D:2      | Reached * piety under Fedhas
 13001 | D:2      | Noticed Natasha
 13011 | D:2      | Killed Natasha
 13354 | D:3      | Reached ** piety under Fedhas
 13419 | D:3      | XOM: give mutations
 13419 | D:3      | Gained mutation: One of your tentacles bears a nasty spike. [Xom's grace]
 13419 | D:3      | Gained mutation: Your muscles are very strong. (Str +4) [Xom's grace]
 13689 | D:3      | Reached skill level 1 in Invocations
 13796 | D:3      | Reached *** piety under Fedhas
 14263 | D:3      | XOM: medium Hex miscast
 14444 | D:8      | Noticed a two-headed ogre
 14456 | D:8      | Killed a two-headed ogre
 14456 | D:8      | Reached XP level 10. HP: 63/69 MP: 12/12
 14601 | D:8      | Noticed Prince Ribbit
 14611 | D:8      | Killed Prince Ribbit
 14644 | D:8      | Found Rapremar's Food Emporium.
 14657 | D:8      | Bought 2 fruits for 36 gold pieces
 14891 | D:8      | Gained mutation: You rapidly evolve. [evolution]
 15213 | D:9      | Noticed a two-headed ogre
 15227 | D:9      | Killed a two-headed ogre
 15229 | D:9      | Reached **** piety under Fedhas
 15261 | D:9      | Found an ornate altar of the Wu Jian Council.
 15322 | D:9      | Found an iron altar of Okawaru.
 15336 | D:9      | Found Igumma Ikhla's Food Emporium.
 15408 | D:9      | Bought a fruit for 19 gold pieces
 15408 | D:9      | Bought 2 fruits for 39 gold pieces
 15454 | D:9      | Found a basalt altar of Yredelemnul.
 15568 | D:9      | Reached ***** piety under Fedhas
 15593 | D:9      | Reached XP level 11. HP: 68/75 MP: 14/14
 15605 | D:9      | Found a staircase to the Orcish Mines.
 16174 | D:9      | Found a bloodstained altar of Trog.
 16289 | D:10     | Entered Level 10 of the Dungeon
 16341 | D:10     | Found a runed door.
 16341 | D:10     | Noticed a storm dragon
 16341 | D:10     | Noticed an ettin
 16353 | D:10     | Noticed an ice dragon
 16353 | D:10     | Noticed a deep troll
 16355 | D:10     | Noticed a flayed ghost
 16357 | D:10     | Noticed a deep elf knight
 16371 | D:10     | Killed a flayed ghost
 16371 | D:10     | Reached skill level 5 in Invocations
 16384 | D:10     | Noticed an ettin
 16396 | D:10     | Noticed a fire giant
 16397 | D:10     | Lost mutation: You are partially covered in iridescent scales. (AC +2) [potion of mutation]
 16397 | D:10     | Gained mutation: One of your tentacles bears a large vicious spike. [potion of mutation]
 16397 | D:10     | Gained mutation: You are partially covered in iridescent scales. (AC +2) [potion of mutation]
 16400 | D:10     | Noticed a fire giant
 16405 | D:10     | Killed an ettin
 16409 | D:10     | Killed a deep troll
 16411 | D:10     | Killed an ice dragon
 16411 | D:10     | Reached skill level 10 in Maces & Flails
 16413 | D:10     | Noticed a harpy
 16416 | D:10     | Killed a deep elf knight
 16422 | D:10     | Killed a fire giant
 16434 | D:10     | Killed a harpy
 16435 | D:10     | Killed a fire giant
 16441 | D:10     | Got a slimy diamond amulet
 16454 | D:10     | Got a translucent granite ring
 16459 | D:10     | Got a wavering brass amulet
 16463 | D:10     | Noticed a cyclops
 16464 | D:10     | Noticed a centaur warrior
 16466 | D:10     | Got an ancient steel ring
 16487 | D:10     | Identified the ring of Joy {+Fly rElec rPois} (You found it on level 10 of the Dungeon)
 16489 | D:10     | Identified the ring "Dufohy Roima" {rCorr rF+ Stlth+} (You found it on level 10 of the Dungeon)
 16679 | D:10     | Identified the amulet "Orchidam" {RegenMP Dex+4} (You found it on level 10 of the Dungeon)
 16737 | D:10     | Killed a centaur warrior
 16870 | D:10     | Identified the amulet "Gucigut" {Reflect rPois rN+ SH+3} (You took it off a fire giant on level 10 of the Dungeon)
 17010 | D:10     | Killed a cyclops
 17291 | D:11     | Reached XP level 12. HP: 41/84 MP: 16/16
 17500 | D:11     | Noticed a two-headed ogre
 17524 | D:11     | Found a flagged portal.
 17536 | Bailey   | Entered a bailey
 17567 | Bailey   | XOM: polymorph wandering mushroom -> thorn hunter
 17628 | Bailey   | Noticed dricus's ghost (journeyman DsBe)
 17647 | Bailey   | XOM: chaos upgrade
 17650 | Bailey   | Killed dricus's ghost
 18112 | D:11     | Killed a two-headed ogre
 18246 | D:11     | Reached ****** piety under Fedhas
 18322 | D:11     | Found a staircase to the Lair.
 18439 | D:11     | XOM: medium Conj miscast
 18750 | D:11     | XOM: give mutations
 18750 | D:11     | Gained mutation: You are clumsy. (Dex -2) [Xom's mischief]
 18750 | D:11     | Lost mutation: Your muscles are very strong. (Str +4) [Xom's mischief]
 18904 | D:11     | XOM: give mutations
 18904 | D:11     | Lost mutation: Your muscles are strong. (Str +2) [Xom's mischief]
 18904 | D:11     | Lost mutation: Your spells are a little harder to cast, but a little more powerful. [Xom's mischief]
 18982 | D:11     | Lost mutation: You are clumsy. (Dex -2) [evolution]
 19071 | D:12     | XOM: noise
 19086 | D:12     | Noticed Sonja
 19093 | D:12     | Killed Sonja
 19093 | D:12     | Reached skill level 1 in Shields
 19147 | D:12     | XOM: polymorph wandering mushroom -> wandering mushroom
 19444 | D:12     | Learned a level 3 spell: Mephitic Cloud
 19444 | D:12     | Noticed a four-headed hydra
 19460 | D:12     | Killed a four-headed hydra
 19460 | D:12     | Reached skill level 10 in Dodging
 19473 | D:12     | Reached XP level 13. HP: 37/92 MP: 19/19
 19477 | D:12     | Reached skill level 1 in Conjurations
 19873 | D:12     | XOM: summons 6 hostile demons
 19964 | D:12     | XOM: severe Chrm miscast
 20041 | D:13     | Noticed Frances
 20068 | D:13     | Killed Frances
 20068 | D:13     | Reached skill level 1 in Spellcasting
 20068 | D:13     | Reached skill level 1 in Air Magic
 20068 | D:13     | Reached skill level 1 in Poison Magic
 20089 | D:13     | Reached skill level 10 in Fighting
 20274 | D:13     | XOM: summons 1 hostile demon
 20429 | D:13     | XOM: severe Fire miscast
 20455 | D:13     | XOM: medium Erth miscast
 20599 | D:14     | Reached skill level 5 in Shields
 20604 | D:14     | Gained mutation: You are partially covered in thin metallic scales. (AC +2) [mutagenic meat]
 20626 | D:14     | Gained mutation: You are surrounded by a mild repulsion field. (EV +2) [mutagenic meat]
 20627 | D:14     | Gained mutation: Potions are less effective at restoring your health. [mutagenic meat]
 21062 | D:14     | Gained mutation: You are resistant to hostile enchantments. (MR+) [mutagenic meat]
 21093 | D:14     | Found Qyekk's Antique Armour Shoppe.
 21150 | D:14     | Noticed Rupert
 21170 | D:14     | Noticed Nessos
 21205 | D:14     | Killed Nessos
 21294 | D:14     | Noticed Louise
 21316 | D:14     | Killed Louise
 21444 | D:14     | Found a gate to the Vaults.
 21444 | D:14     | Noticed a vault guard
 21477 | D:14     | Gained mutation: You have supernaturally acute eyesight. (SInv) [mutagenic meat]
 21480 | D:14     | Lost mutation: You possess an exceptional clarity of mind. [mutagenic meat]
 21544 | D:14     | Killed a vault guard
 21544 | D:14     | Reached skill level 1 in Staves
 21765 | D:14     | Reached skill level 2 in Staves
 21960 | D:15     | Entered Level 15 of the Dungeon
 22011 | D:15     | Noticed an ettin
 22024 | D:15     | Reached XP level 14. HP: 50/99 MP: 21/21
 22028 | D:15     | Reached skill level 3 in Staves
 22120 | D:15     | XOM: summons 4 hostile demons
 22136 | D:15     | Found a staircase to the Depths.
 22194 | D:15     | Lost mutation: You have supernaturally acute eyesight. (SInv) [mutagenic meat]
 22195 | D:15     | Gained mutation: Your spells are a little easier to cast, but a little less powerful. [mutagenic meat]
 22214 | D:15     | XOM: polymorph brown ugly thing -> four-headed hydra
 22236 | D:15     | Gained mutation: Your body sometimes deteriorates upon taking damage. [mutagenic meat]
 22247 | D:15     | Lost mutation: One of your tentacles bears a large vicious spike. [mutagenic meat]
 22250 | D:15     | Lost mutation: Your body sometimes deteriorates upon taking damage. [mutagenic meat]
 22282 | D:15     | Reached skill level 4 in Staves
 22286 | D:15     | Gained mutation: Your muscles are strong. (Str +2) [mutagenic meat]
 22292 | D:15     | Gained mutation: You are resistant to electric shocks. (rElec) [mutagenic meat]
 22449 | D:15     | XOM: medium Necr miscast
 22716 | D:15     | Reached skill level 5 in Staves
 22731 | D:15     | Lost mutation: One of your tentacles bears a nasty spike. [mutagenic meat]
 22735 | D:15     | Gained mutation: You are agile. (Dex +2) [mutagenic meat]
 22745 | D:15     | Found a stormy altar of Qazlal.
 22983 | D:15     | Reached skill level 5 in Evocations
 22992 | D:15     | XOM: enchant monster (bad)
 23106 | D:15     | XOM: mild Necr miscast
 23339 | D:12     | Gained mutation: One of your tentacles bears a nasty spike. [evolution]
 23418 | D:9      | XOM: summons 6 hostile demons
 23436 | D:9      | Reached skill level 6 in Staves
 23451 | Orc:1    | Entered Level 1 of the Orcish Mines
 23461 | Orc:1    | Reached skill level 5 in Poison Magic
 23472 | Orc:1    | XOM: medium Tloc miscast
 23541 | Orc:1    | Noticed Gastronok
 23585 | Orc:1    | Killed Gastronok
 23603 | Orc:1    | XOM: summons 3 hostile demons
 23773 | Orc:1    | XOM: summons 12 hostile demons
 23885 | Orc:2    | Entered Level 2 of the Orcish Mines
 23885 | Orc:2    | Noticed an orc warlord
 23894 | Orc:2    | XOM: enchant monster (bad)
 23996 | Orc:1    | Killed an orc warlord
 24176 | Orc:2    | Found a staircase to the Elven Halls.
 24194 | Orc:2    | XOM: give mutations
 24194 | Orc:2    | Lost mutation: You are agile. (Dex +2) [Xom's mischief]
 24194 | Orc:2    | Lost mutation: Your spells are a little easier to cast, but a little less powerful. [Xom's mischief]
 24194 | Orc:2    | Lost mutation: Your muscles are strong. (Str +2) [Xom's mischief]
 24194 | Orc:2    | Lost mutation: You are resistant to hostile enchantments. (MR+) [Xom's mischief]
 24194 | Orc:2    | Was forgiven by Xom
 24391 | Orc:2    | Noticed an orc warlord
 24455 | Orc:2    | Killed an orc warlord
 24455 | Orc:2    | Reached skill level 7 in Staves
 24712 | Orc:2    | Noticed an orc warlord
 24721 | Orc:2    | Killed an orc warlord
 24731 | Orc:2    | Reached XP level 15. HP: 53/103 MP: 6/22
 24732 | Orc:2    | Reached skill level 5 in Air Magic
 24759 | Orc:2    | Reached skill level 10 in Invocations
 24774 | Orc:2    | Reached skill level 8 in Staves
 24844 | Orc:2    | Found Cyus's Antique Armour Boutique.
 24844 | Orc:2    | Found Xioghali's General Store.
 24844 | Orc:2    | Found Uwnixt's Antique Weapon Shop.
 24844 | Orc:2    | Found Fecuefy's Book Boutique.
 24967 | Orc:2    | Bought a scroll of acquirement for 832 gold pieces
 24967 | Orc:2    | Bought a scroll of fog for 32 gold pieces
 24968 | Orc:2    | Got a spiked shield
 24979 | Orc:2    | Identified the +0 shield of Time Monsters {Stlth+} (You acquired it on level 2 of the Orcish Mines)
 24991 | Orc:2    | Bought a book of Battle for 520 gold pieces
 24994 | Orc:2    | Learned a level 2 spell: Song of Slaying
 24998 | Orc:2    | Learned a level 3 spell: Regeneration
 25002 | Orc:2    | Learned a level 3 spell: Spectral Weapon
 25005 | Orc:2    | Learned a level 2 spell: Shroud of Golubria
 25244 | Lair:1   | Entered Level 1 of the Lair of Beasts
 25511 | Lair:1   | Reached skill level 5 in Conjurations
 25654 | Lair:1   | Gained mutation: You are covered in fur. (AC +1) [evolution]
 25754 | Lair:1   | Noticed Joseph
 25762 | Lair:1   | Killed Joseph
 26104 | Lair:2   | Reached skill level 5 in Spellcasting
 26131 | Lair:2   | Found a hole to the Spider Nest.
 26291 | Lair:2   | Noticed Harold
 26303 | Lair:2   | Killed Harold
 26786 | Lair:3   | Reached skill level 9 in Staves
 27612 | Lair:4   | Noticed Snorg
 27728 | Lair:4   | Found a staircase to the Shoals.
 27927 | Lair:4   | Killed Snorg
 27927 | Lair:4   | Reached skill level 10 in Staves
 28122 | Lair:4   | Gained mutation: Your mind is acute. (Int +2) [evolution]
 28412 | Lair:5   | Learned a level 5 spell: Summon Forest
 28884 | Lair:6   | Entered Level 6 of the Lair of Beasts
 28884 | Lair:6   | Found a staircase to the Slime Pits.
 28884 | Lair:6   | Found a viscous altar of Jiyva.
 28951 | Lair:6   | Reached skill level 1 in Translocations
 29151 | Lair:6   | Reached skill level 1 in Summonings
 29285 | Lair:6   | Got a pitted hat
 29296 | Lair:6   | Identified the +2 hat "Sewkuny" {rC++ Str+4 Int+3} (You acquired it on level 6 of the Lair of Beasts)
 29477 | Lair:6   | Reached skill level 1 in Charms
 29579 | Lair:6   | Reached skill level 1 in Necromancy
 29592 | Lair:6   | Reached XP level 16. HP: 78/109 MP: 24/24
 29637 | Lair:6   | Reached skill level 11 in Staves
 30078 | Spider:1 | Entered Level 1 of the Spider Nest
 30477 | Spider:1 | Gained mutation: Scrolls take you a little longer to read. [evolution]
 31147 | Spider:2 | Reached skill level 12 in Staves
 31439 | Spider:2 | Noticed Azrael
 31457 | Spider:2 | Killed Azrael
 31630 | Spider:2 | Gained mutation: You are robust. (+10% HP) [evolution]
 32068 | Spider:3 | Got a transparent spear
 32259 | Spider:3 | Reached skill level 10 in Shields
 32303 | Spider:3 | Lost mutation: Scrolls take you a little longer to read. [mutagenic meat]
 32358 | Spider:3 | Lost mutation: One of your tentacles bears a nasty spike. [mutagenic meat]
 32359 | Spider:3 | Gained mutation: You have supernaturally acute eyesight. (SInv) [mutagenic meat]
 32541 | Lair:4   | Reached XP level 17. HP: 88/126 MP: 27/27
 32563 | Lair:4   | Identified the +3 spear "Gioc" {flame, Int+3} (You found it on level 3 of the Spider Nest)
 32896 | Spider:4 | Entered Level 4 of the Spider Nest
 33120 | Spider:4 | Reached skill level 5 in Translocations
 33271 | Spider:4 | Reached skill level 13 in Staves
 33299 | Spider:4 | Mangled by a redback

Vault maps used:
D:1:      minmay_arrival_widening_spiral_narrow, minmay_pentomino_o4
D:2:      old_standard_altar, uniq_natasha, uniq_jessica, uniq_terence
D:3:      lemuel_castle_with_subvaults, overflow_temple_1_default,
          minmay_snake_closets
D:4:      minitemple, grunt_ministairs_13, uniq_ijyb
D:5:      ashenzari_conservatory_becter, old_standard_altar,
          minmay_temple_entry_junction, first_bread,
          hangedman_abyss_or_decor_stabs, tgw_trog
D:6:      lemuel_doored_altar, gup_sewer_entry_bowl, nicolae_lava_and_water,
          minmay_misc_feat_cross
D:7:      tgw_sif
D:8:      serial_shops, nicolae_shop_stone, uniq_prince_ribbit1
D:9:      okawaru_gym_becter, lemuel_coloured_pillars_altar,
          yredelemnul_altar_generic, overflow_temple_1_default,
          zombieorc1_lemuel, serial_shops, shop
D:10:     hangedman_fish_farm, minmay_the_grid_triangle_9x9_recursive_2
D:11:     nicolae_whirlpool, erik_lair_orcish_takeover, enter_bailey_3,
          small_chamber_with_monster, minivault_8
D:12:     uniq_sonja
D:13:     uniq_frances
D:14:     david_vaults_5, kennysheep_cross_room, serial_shops,
          nicolae_shop_crystal, uniq_louise, uniq_rupert, uniq_nessos
D:15:     hangedman_depths_entry_civil_slaughter, basic_altar
Temple:   compressed_dpeg_circular_temple
Lair:1:   infiniplex_staircase_pool_2, grunt_megastairs_5, uniq_joseph
Lair:2:   spider_nest_entry_a, uniq_harold
Lair:3:   beast_lair_carwin_2, serial_bayou_shore_b, grunt_megastairs_3
Lair:4:   elwin_shoals_entry_rocks, serial_bayou_pond_e, uniq_snorg
Lair:5:   minivault_19
Lair:6:   evilmike_catoblepas_cave, slime_altar_1, st_stairs_12,
          serial_bayou_shore_a
Spider:1: nicolae_looking_at_the_future
Spider:2: uniq_azrael
Spider:4: grunt_spider_rune_island
Orc:1:    uniq_gastronok
Orc:2:    st_orc_congregation
Sewer:    kennysheep_sewer_church
Bailey:   bailey_polearm_gnolls_kennysheep, bailey

Skill      XL: |  1  2  3  4  5  6  7  8  9 10 11 12 13 14 15 16 17 |
---------------+----------------------------------------------------+-----
Stealth        | 2 3 4 5 7 8 |  8.9
Short Blades   | 2 3 |  3.2
Fighting       | 2 3 4 6 7 8 9 10 | 10.7
Dodging        | 3 4 5 6 7 8 10 | 10.6
Maces & Flails | 1 3 5 7 9 11 | 11.9
Invocations    | 2 4 6 8 9 10 11 | 11.0
Shields        | 3 6 7 9 10 | 10.7
Conjurations   | 3 4 5 |  5.1
Spellcasting   | 3 4 5 6 |  6.8
Air Magic      | 3 4 5 |  5.3
Poison Magic   | 3 5 6 |  6.2
Staves         | 2 7 10 12 13 | 13.0
Evocations     | 6 7 |  7.5
Translocations | 1 4 5 |  5.5
Summonings     | 2 3 4 |  4.8
Charms         | 1 4 |  4.3
Necromancy     | 1 4 |  4.4

Action                   |  1- 3 |  4- 6 |  7- 9 | 10-12 | 13-15 | 16-18 || total
-------------------------+-------+-------+-------+-------+-------+-------++-------
Melee: Short sword       |    43 |    49 |     1 |     2 |       |       ||    95
       Constrict         |    12 |    17 |   107 |   121 |   166 |   117 ||   540
       Tentacles         |     7 |    10 |    94 |   200 |   501 |   272 ||  1084
       Mace              |       |     8 |   422 |   674 |  1571 |   675 ||  3350
       Kick              |       |       |    60 |   287 |   762 |   404 ||  1513
 Cast: Mephitic Cloud    |       |       |       |       |    12 |    10 ||    22
       Regeneration      |       |       |       |       |     2 |    16 ||    18
       Spectral Weapon   |       |       |       |       |       |     1 ||     1
Invok: Fungal Bloom      |       |       |    41 |    59 |    74 |    29 ||   203
       Evolution         |       |       |     1 |     7 |    16 |     8 ||    32
       Growth            |       |       |       |     2 |       |       ||     2
       Reproduction      |       |       |       |       |     3 |     2 ||     5
       Rain              |       |       |       |       |     2 |       ||     2
       Sunlight          |       |       |       |       |       |     3 ||     3
Evoke: Wand              |       |    10 |    20 |    20 |    52 |    26 ||   128
       Lamp of fire      |       |       |       |       |     2 |     2 ||     4
       Box of beasts     |       |       |       |       |     2 |       ||     2
       Phial of floods   |       |       |       |       |       |     2 ||     2
  Use: Scroll            |     4 |     3 |     7 |    13 |    20 |     4 ||    51
       Potion            |       |       |       |    10 |     8 |    12 ||    30
 Stab: Sleeping          |     5 |     6 |    45 |    23 |    62 |    11 ||   152
       Distracted        |     1 |     1 |     3 |     5 |     7 |     3 ||    20
       Paralysed         |       |     2 |     8 |     7 |       |     3 ||    20
       Confused          |       |       |       |     8 |    45 |     9 ||    62
       Petrified         |       |       |       |       |     3 |       ||     3
       Held in net/web   |       |       |       |       |       |     2 ||     2
  Eat: Chunk             |       |     3 |    12 |     1 |    59 |    16 ||    91
       Bread ration      |       |       |     3 |     3 |     1 |       ||     7
       Meat ration       |       |       |     2 |     1 |       |       ||     3
       Royal jelly       |       |       |     2 |     1 |     2 |     4 ||     9
Armor: Skin              |     3 |     2 |    69 |   104 |   181 |   137 ||   496
Dodge: Dodged            |    18 |    33 |   302 |   402 |   789 |   700 ||  2244
Block: Buckler           |       |       |    23 |     5 |       |       ||    28
       Shield            |       |       |       |   368 |   990 |   800 ||  2158
